 Dungeon Crawl Stone Soup version 0.27-a0-1158-gaa87e14f67 (webtiles) character file.

Game seed: 18146998022855659659

191 freelancePsychic the Magician (level 5, -4/43 HPs)
             Began as a Gnoll Wanderer on May 15, 2021.
             Slain by an iguana (13 damage)
             ... on level 4 of the Dungeon.
             The game lasted 00:09:09 (4488 turns).

freelancePsychic the Magician (Gnoll Wanderer)      Turns: 4488, Time: 00:09:09

Health: -4/43      AC:  2    Str:  9    XL:     5   Next: 70%
Magic:  1/14       EV: 12    Int: 14    God:
Gold:   254        SH:  0    Dex: 12    Spells: 14/18 levels left

rFire    . . .     SeeInvis .   m - +0 spear
rCold    . . .     Faith    .   (no shield)
rNeg     . . .     Spirit   .   d - +0 robe
rPois    .         Reflect  .   (no helmet)
rElec    .         Harm     .   (no cloak)
rCorr    .         Rampage  .   (no gloves)
Will     .....                  (no boots)
Stlth    ++........             (no amulet)
HPRegen  0.14/turn              (no ring)
MPRegen  0.14/turn              (no ring)

@: no status effects
A: fangs 1, strong nose, distributed training
a: no special abilities


You were on level 4 of the Dungeon.
You visited 1 branch of the dungeon, and saw 4 of its levels.

You collected 254 gold pieces.

Inventory:

Hand Weapons
 m - a +0 spear (weapon)
Missiles
 n - 4 poisoned darts
Armour
 a - a +1 leather armour of fire resistance
 d - a +0 robe (worn)
 e - a +0 kite shield
Wands
 q - a wand of flame (13)
Scrolls
 b - a scroll of teleportation {@r4}
 c - a scroll of amnesia {unknown}
 h - a scroll of magic mapping {unknown}
 l - a scroll of immolation {unknown}
 r - a scroll of summoning {unknown}
 s - 2 scrolls of blinking {unknown}
Potions
 f - 2 potions of heal wounds {unknown}
 g - 2 potions of haste {unknown}
 i - a potion of berserk rage {unknown}
 j - a potion of invisibility {unknown}
 k - a potion of flight {unknown}
 o - a potion of lignification {unknown}
 p - a potion of cancellation {unknown}
 t - a potion of curing {unknown}


   Skills:
 + Level 4.8 Fighting
 + Level 1.6 Short Blades
 + Level 1.6 Long Blades
 + Level 1.6 Axes
 + Level 1.6 Maces & Flails
 + Level 3.0 Polearms
 + Level 1.6 Staves
 + Level 1.6 Slings
 + Level 1.6 Bows
 + Level 1.6 Crossbows
 + Level 3.0 Throwing
 + Level 1.6 Armour
 + Level 1.6 Dodging
 + Level 1.6 Stealth
 + Level 3.0 Shields
 + Level 1.6 Unarmed Combat
 + Level 7.3 Spellcasting
 + Level 1.2 Conjurations
 + Level 1.2 Hexes
 + Level 1.2 Summonings
 + Level 1.2 Necromancy
 + Level 1.2 Translocations
 + Level 1.2 Transmutations
 + Level 1.2 Fire Magic
 + Level 4.0 Ice Magic
 + Level 1.2 Air Magic
 + Level 1.2 Earth Magic
 + Level 1.2 Poison Magic
 + Level 1.8 Invocations
 + Level 1.6 Evocations


You had 14 spell levels left.
You knew the following spells:

 Your Spells              Type           Power      Damage    Failure   Level
a - Shock                 Conj/Air       32%        1d5       9%          1
b - Mephitic Cloud        Conj/Pois/Air  8%         N/A       24%         3

Your spell library contained the following spells:

 Spells                   Type           Power      Damage    Failure   Level
 Beastly Appendage        Tmut           16%        N/A       9%          1
 Wereblood                Tmut           8%         N/A       12%         2
 Spider Form              Tmut/Pois      4%         N/A       24%         3
 Ice Form                 Ice/Tmut       12%        N/A       43%         4
 Hydra Form               Tmut           4%         N/A       92%         5


Dungeon Overview and Level Annotations

Branches:
Dungeon (4/15)
 Temple: D:4-7

Altars:
Nemelex Xobeh
The Shining One

Shops:
D:1 *=:*   D:3 !

Annotations:
D:2 exclusion: black bear, Sigmund
D:3 1 runed translucent door, Crazy Yiuf


Innate Abilities, Weirdness & Mutations

You have very sharp teeth.
Your uncanny sense of smell can sniff out nearby items.
Your experience applies equally to all skills.


Message History

The iguana is severely wounded.
The iguana bites you.
Your magical contamination has completely faded away.
The zap hits the iguana.
The iguana is severely wounded.
The iguana bites you!
You are too injured to fight recklessly!
You are too injured to fight recklessly!
Casting: Shock (safe; 9% risk of failure)
Confirm with . or Enter, or press ? or * to list all spells.
Aiming: Shock (safe; 9% risk of failure)
Press: ? - help, Shift-Dir - straight line, p - iguana You can't see that place. [the floor.]
Okay, then.
Casting: Shock (safe; 9% risk of failure)
Confirm with . or Enter, or press ? or * to list all spells.
Aiming: Shock (safe; 9% risk of failure)
Press: ? - help, Shift-Dir - straight line, f/p - iguana
Aim: an iguana (severely wounded, 72% to hit)
The zap hits the iguana.
The iguana is almost dead.
The iguana bites you!
* * * LOW HITPOINT WARNING * * *
Casting: Shock (safe; 9% risk of failure)
Confirm with . or Enter, or press ? or * to list all spells.
Aiming: Shock (safe; 9% risk of failure)
Press: ? - help, Shift-Dir - straight line, f/p - iguana
Aim: an iguana (almost dead, 72% to hit)
The zap misses the iguana.
The iguana bites you but does no damage.
Casting: Shock (safe; 9% risk of failure)
Confirm with . or Enter, or press ? or * to list all spells.
Aiming: Shock (safe; 9% risk of failure)
Press: ? - help, Shift-Dir - straight line, f/p - iguana
Aim: an iguana (almost dead, 72% to hit)
The zap hits the iguana.
The iguana is almost dead.
The iguana bites you!
You die...

#######.##### #............
#.#####...... ##### #.# #......
#...# #.# #.##### #...#
#.########### #...# #............
#...#############################
+...'...........@l.....^.........
#...####.#############'##########
#......#.# .....lZ.......#
###....#.#### ...?..........#
#....#....# ..............#
###....#....# ########+######
....####....# #.# ....# #....#
#.# ....# #.#### #.#


You could see an iguana.

Vanquished Creatures
  A bullfrog skeleton (D:4)
  An orc wizard (D:3)
  A gnoll (D:1)
  4 adders (D:2)
  An adder skeleton (D:4)
  2 worms (D:3)
  2 dart slugs
  7 orcs
  5 endoplasms
  4 goblins
  5 hobgoblins
  5 jackals (D:3)
  5 kobolds
  2 quokkas
  10 ball pythons
  6 bats
  4 frilled lizards
  7 rats
72 creatures vanquished.

Notes
Turn   | Place    | Note
-------+----------+-------------------------------------------
     0 | D:1      | freelancePsychic the Gnoll Wanderer began the quest for the
                  | Orb.
     0 | D:1      | freelancePsychic set off with the following items: a +0
                  | dagger, a scroll of teleportation {@r4}, a +0 robe, a +0
                  | kite shield; and the following spell memorised: Shock; and
                  | the following spells available to memorise: Mephitic Cloud
     0 | D:1      | Reached XP level 1. HP: 20/20 MP: 8/8
   325 | D:1      | Found a faded altar of an unknown god.
   361 | D:1      | Reached XP level 2. HP: 26/26 MP: 3/10
   608 | D:1      | Found Xaicrir's Assorted Antiques.
   619 | D:1      | Found Viotsa's Book Shop.
   754 | D:1      | Reached XP level 3. HP: 31/31 MP: 8/11
   818 | D:1      | Found Cajog's Jewellery Shoppe.
   926 | D:1      | Found Zuommah's Assorted Antiques.
  1249 | D:2      | Learned a level 3 spell: Mephitic Cloud
  1304 | D:2      | Reached skill level 1 in Invocations
  1491 | D:2      | You fall into a shaft and drop 1 floor!
  1759 | D:2      | Reached skill level 1 in Short Blades
  1759 | D:2      | Reached skill level 1 in Long Blades
  1759 | D:2      | Reached skill level 1 in Axes
  1759 | D:2      | Reached skill level 1 in Maces & Flails
  1759 | D:2      | Reached skill level 1 in Staves
  1759 | D:2      | Reached skill level 1 in Slings
  1759 | D:2      | Reached skill level 1 in Bows
  1759 | D:2      | Reached skill level 1 in Crossbows
  1759 | D:2      | Reached skill level 1 in Armour
  1759 | D:2      | Reached skill level 1 in Dodging
  1759 | D:2      | Reached skill level 1 in Stealth
  1759 | D:2      | Reached skill level 1 in Unarmed Combat
  1759 | D:2      | Reached skill level 1 in Evocations
  1759 | D:2      | Reached XP level 4. HP: 30/38 MP: 4/13
  2029 | D:2      | Noticed Sigmund
  2230 | D:2      | Noticed a black bear
  2691 | D:3      | Reached skill level 1 in Conjurations
  2691 | D:3      | Reached skill level 1 in Hexes
  2691 | D:3      | Reached skill level 1 in Summonings
  2691 | D:3      | Reached skill level 1 in Necromancy
  2691 | D:3      | Reached skill level 1 in Translocations
  2691 | D:3      | Reached skill level 1 in Transmutations
  2691 | D:3      | Reached skill level 1 in Fire Magic
  2691 | D:3      | Reached skill level 1 in Air Magic
  2691 | D:3      | Reached skill level 1 in Earth Magic
  2691 | D:3      | Reached skill level 1 in Poison Magic
  2861 | D:3      | Found a runed translucent door.
  2862 | D:3      | Noticed Crazy Yiuf
  2882 | D:3      | Found Nujush's Distillery.
  3436 | D:3      | Reached XP level 5. HP: 43/43 MP: 7/14
  3698 | D:3      | Found a sparkling altar of Nemelex Xobeh.
  3698 | D:3      | Found a glowing golden altar of the Shining One.
  4488 | D:4      | Slain by an iguana

Illustrated notes

Levels and vault maps discovered:
D:1:      dpeg_arrival_shrine, layout_basic, serial_shops, shop_coins, shop,
          nicolae_shop_trees, shop_fountains,
          ebering_ecumenical_altar_petrified, minmay_shallow_snake_nest
D:2:      layout_loops_ring, uniq_sigmund
D:3:      layout_rooms, jmf_multi_god_temple, serial_shops, shop_fountains,
          kennysheep_crisscross, uniq_crazy_yiuf_cottage
D:4:      layout_basic, minmay_temple_entry_junction

Skill      XL: |  1  2  3  4  5 |
---------------+----------------+-----
Invocations    | 1 |  1.8
Short Blades   | 1 |  1.6
Long Blades    | 1 |  1.6
Axes           | 1 |  1.6
Maces & Flails | 1 |  1.6
Staves         | 1 |  1.6
Slings         | 1 |  1.6
Bows           | 1 |  1.6
Crossbows      | 1 |  1.6
Armour         | 1 |  1.6
Dodging        | 1 |  1.6
Stealth        | 1 |  1.6
Unarmed Combat | 1 |  1.6
Evocations     | 1 |  1.6
Conjurations   | 1 |  1.2
Hexes          | 1 |  1.2
Summonings     | 1 |  1.2
Necromancy     | 1 |  1.2
Translocations | 1 |  1.2
Transmutations | 1 |  1.2
Fire Magic     | 1 |  1.2
Air Magic      | 1 |  1.2
Earth Magic    | 1 |  1.2
Poison Magic   | 1 |  1.2
Polearms       | 3 |  3.0
Throwing       | 3 |  3.0
Shields        | 3 |  3.0
Ice Magic      | 4 |  4.0
Fighting       | |  4.8
Spellcasting   | |  7.3

Action                   |  1- 3 |  4- 6 || total
-------------------------+-------+-------++-------
Melee: Dagger            |    18 |    13 ||    31
       Bite              |     2 |     4 ||     6
       Spear             |       |    59 ||    59
       Punch             |       |     1 ||     1
 Cast: Shock             |    64 |   122 ||   186
       Mephitic Cloud    |       |     1 ||     1
Armor: Robe              |    10 |    21 ||    31
Dodge: Dodged            |    19 |    61 ||    80
Block: Kite shield       |     3 |       ||     3

Table legend: (Time is in decaauts)
 A = Elapsed time spent in this place.
 B = Non-inter-level travel time spent in this place.
 C = Inter-level travel time spent in this place.
 D = Time resting spent in this place.
 E = Time spent auto-exploring this place.
 F = Levels seen in this place.
 G = Mean time per level.
                   A        B        C        D        E       F      G
               +--------+--------+--------+--------+--------+-----+--------+
         Total |   4489 |   4370 |    119 |    232 |   3583 |   4 | 1122.2 |
       Dungeon |   4489 |   4370 |    119 |    232 |   3583 |   4 | 1122.2 |
               +--------+--------+--------+--------+--------+-----+--------+

Top non-repeatable levels by time:
     D:2: 1524 daAuts
     D:3: 1332 daAuts
     D:1: 1159 daAuts
     D:4: 472 daAuts
